 Dungeon Crawl Stone Soup version 0.27-a0-1456-gf5a116941d (webtiles) character file.

Game seed: 13856766347368549510

55 barkas the Caller (level 3, 0/32 HPs)
             Began as a Naga Summoner on July 6, 2021.
             Slain by a gnoll (4 damage)
             ... on level 2 of the Dungeon.
             The game lasted 00:03:35 (2106 turns).

barkas the Caller (Naga Summoner)                   Turns: 2106, Time: 00:03:36

Health: 0/32       AC:  3    Str: 10    XL:     3   Next: 93%
Magic:  6/6        EV:  9    Int: 16    God:
Gold:   64         SH:  0    Dex: 11    Spells: 3/6 levels left

rFire    + . .     SeeInvis +   i - +2 whip (venom)
rCold    + . .     Faith    .   (no shield)
rNeg     . . .     Spirit   .   a - +1 robe
rPois    +         Reflect  .   (no helmet)
rElec    .         Harm     .   c - scarf {rC+ rF+}
rCorr    .         Rampage  .   (no gloves)
Will     .....                  (no barding)
Stlth    ++........             (no amulet)
HPRegen  0.10/turn              g - ring of wizardry
MPRegen  0.10/turn              h - ring of wizardry

@: very slow
A: AC +1, large, see invisible, deformed body, poison resistance, slowness 2,
spit poison 1, naga tail 1
a: Spit Poison


You were on level 2 of the Dungeon.
You visited 1 branch of the dungeon, and saw 2 of its levels.

You collected 64 gold pieces.

Inventory:

Hand Weapons
 e - a +0 dagger of protection
 i - a +2 whip of venom (weapon)
Armour
 a - a +1 robe (worn)
 c - a scarf of resistance (worn)
Jewellery
 g - a ring of wizardry (left hand)
 h - a ring of wizardry (right hand)
 j - a ring of poison resistance
Potions
 d - a potion of attraction {unknown}
 k - a potion of lignification {unknown}
 l - a potion of curing {unknown}
 m - a potion of cancellation {unknown}
 n - a potion of ambrosia {unknown}


   Skills:
 + Level 1.7 Fighting
 - Level 1.5 Dodging
 + Level 4.4 Stealth
 - Level 2.0 Spellcasting
 + Level 4.5 Summonings


You had 3 spell levels left.
You knew the following spells:

 Your Spells              Type           Power      Damage    Failure   Level
a - Summon Small Mammal   Summ           64%        N/A       1%          1
b - Call Imp              Summ           16%        N/A       1%          2

Your spell library contained the following spells:

 Spells                   Type           Power      Damage    Failure   Level
 Call Canine Familiar     Summ           16%        N/A       2%          3
 Summon Guardian Golem    Hex/Summ       8%         N/A       7%          3
 Slow                     Hex            1%         N/A       9%          2
 Confusing Touch          Hex            1%         N/A       16%         3
 Conjure Flame            Conj/Fire      1%         6-21      16%         3
 Ignite Poison            Fire/Tmut/Pois 1%         N/A       16%         3
 Summon Lightning Spire   Summ/Air       8%         N/A       21%         4
 Sticky Flame             Conj/Fire      1%         2d3       45%         4
 Yara's Violent Unravell  Hex/Tmut       0%         3d3       78%         5


Dungeon Overview and Level Annotations

Branches:
Dungeon (2/15)

Altars:


Innate Abilities, Weirdness & Mutations

Your serpentine skin is tough. (AC +1)
You have supernaturally acute eyesight. (SInv)
Armour fits poorly on your strangely shaped body.
Your system is resistant to poisons. (rPois)
You cover ground very slowly.
You can spit poison.
You have a snake-like lower body.


Message History

The splash of poison hits the gnoll.
The gnoll is poisoned.
The gnoll is moderately wounded.
The gnoll closely misses you.
Unknown command.
Casting: Call Imp (safe; 1% risk of failure)
Confirm with . or Enter, or press ? or * to list all spells.
A beastly little devil appears in a puff of flame.
The gnoll hits you from afar with a +0 spear!
The gnoll hits you with a +0 spear. x2
You hit the gnoll.
You kill the gnoll!
You start resting.
You have got your breath back.
You start resting.
Magic restored.
Your crimson imp disappears in a puff of smoke!
Key pressed, stopping explore.
HP restored.
You see here a +0 spear. 3 gnolls come into view.
The gnoll shouts! x2
The gnoll hits you from afar with a +0 spear!
The gnoll shouts!
There are monsters nearby!
As you read the scroll labelled LURIZUIFROR, it crumbles to dust.
It is a scroll of enchant armour.
Your +0 robe glows green for a moment.
The gnoll hits you with a +0 spear.
The gnoll hits you from afar with a +0 spear.
As you read the scroll labelled QEN LASCHUAFAUL, it crumbles to dust.
It is a scroll of brand weapon.
Your +0 dagger projects an invisible shield of force!
e - a +0 dagger of protection The gnoll hits you with a +0 spear.
* * * LOW HITPOINT WARNING * * *
The gnoll barely misses you.
Unknown command.
The gnoll hits you from afar with a +0 spear.
* * * LOW HITPOINT WARNING * * *
The gnoll hits you with a +0 club.
You die...

..... ####..# #....
..... #..#######.#.#
..... #..........#.#
......######.#########.#
......#......# #.#
........###### #.#
......#.# #.# #####.#.#
#.# # #@# #.# #g#
#......†#
#.gg.........#######
###........ #########


You could see 3 gnolls.

Vanquished Creatures
  2 gnolls (D:2)
  A dart slug (D:1)
  3 endoplasms
  A giant cockroach (D:2)
  2 goblins (D:1)
  A hobgoblin (D:2)
  3 jackals (D:1)
  A quokka (D:1)
  3 ball pythons
  3 bats
  3 frilled lizards
  3 kobolds (D:1)
  2 rats (D:1)
28 creatures vanquished.

Vanquished Creatures (collateral kills)
  A ball python (D:1)
  An endoplasm (D:1)
  4 hobgoblins (D:1)
  3 jackals (D:1)
  2 frilled lizards (D:1)
  A kobold (D:1)
12 creatures vanquished.

Grand Total: 40 creatures vanquished

Notes
Turn   | Place    | Note
-------+----------+-------------------------------------------
     0 | D:1      | barkas the Naga Summoner began the quest for the Orb.
     0 | D:1      | Reached XP level 1. HP: 15/15 MP: 3/3
   238 | D:1      | Reached XP level 2. HP: 22/24 MP: 1/5
   449 | D:1      | Reached skill level 1 in Fighting
   488 | D:1      | Learned a level 2 spell: Call Imp
   914 | D:1      | Reached XP level 3. HP: 3/31 MP: 3/6
  1316 | D:1      | Found a faded altar of an unknown god.
  2106 | D:2      | Slain by a gnoll

Illustrated notes

Levels and vault maps discovered:
D:1:      dpeg_arrival_court, layout_loops_cross,
          ebering_ecumenical_altar_petrified, st_stairs_4,
          minmay_three_crescents
D:2:      layout_loops_ring, basic_altar, minmay_indecisive_spiral,
          uniq_crazy_yiuf_cottage, uniq_robin

Skill      XL: |  1  2  3 |
---------------+----------+-----
Fighting       | 1 |  1.7
Stealth        | 4 |  4.4
Dodging        | |  1.5
Spellcasting   | |  2.0
Summonings     | |  4.5

Action                   || total
-------------------------++-------
Melee: Dagger            ||    34
       Whip              ||    22
 Cast: Summon Small Mamm ||    15
       Call Imp          ||     6
 Abil: Spit Poison       ||    20
  Use: Scroll            ||     2
       Potion            ||     1
 Stab: Sleeping          ||     2
Armor: Robe              ||    11
Dodge: Dodged            ||    36

Table legend: (Time is in decaauts)
 A = Elapsed time spent in this place.
 B = Non-inter-level travel time spent in this place.
 C = Inter-level travel time spent in this place.
 D = Time resting spent in this place.
 E = Time spent auto-exploring this place.
 F = Levels seen in this place.
 G = Mean time per level.
                   A        B        C        D        E       F      G
               +--------+--------+--------+--------+--------+-----+--------+
         Total |   2417 |   2398 |     19 |    374 |   1667 |   2 | 1208.5 |
       Dungeon |   2417 |   2398 |     19 |    374 |   1667 |   2 | 1208.5 |
               +--------+--------+--------+--------+--------+-----+--------+

Top non-repeatable levels by time:
     D:1: 1841 daAuts
     D:2: 576 daAuts
